DALLAS vs COLORADO

Created - June 29, 2021 at 10:37

Goals
1 2 3 OT1 OT2 T
DALLAS 2 0 1 0 1 4
COLORADO 1 1 1 0 0 3
Shots
1 2 3 OT1 OT2 T
DALLAS 13 3 9 11 7 43
COLORADO 7 15 9 5 5 41

1st period

1. DALLAS , Jakob Chychrun 2 (Auston Matthews 1) at 0:04
2. DALLAS , Auston Matthews 5 (Charlie McAvoy 5, Jakob Chychrun 5) at 0:58
3. COLORADO , Pavel Buchnevich 1 (Calvin de Haan 2, Dylan Larkin 2) at 4:49

Penalties :
John Moore (COL) for Fighting (Major) at 2:03, Charlie McAvoy (DAL) for Fighting (Major) at 2:03, David Krejci (COL) for Tripping (Minor) at 5:52, Nick Bjugstad (COL) for Holding (Minor) at 13:55

2nd period

4. COLORADO , David Pastrnak 4 (Pavel Buchnevich 3, John Moore 1) at 5:00

Penalties :
Brady Skjei (DAL) for Hooking (Minor) at 0:35, Jakob Chychrun (DAL) for Hooking (Minor) at 5:13, David Pastrnak (COL) for High sticking (Minor) at 14:09, Valtteri Filppula (COL) for Hooking (Minor) at 17:36

3rd period

5. DALLAS , Quinn Hughes 2 (Evgenii Dadonov 4, Mikko Rantanen 3) at 7:47 (PP)
6. COLORADO , Leo Komarov 1 (Valtteri Filppula 1, Mikko Koivu 1) at 17:32

Penalties :
Ron Hainsey (COL) for Hooking (Minor) at 7:33, Nikita Zaitsev (DAL) for Holding (Minor) at 11:09, Adam Lowry (DAL) for Interference (Minor) at 18:04, Pavel Buchnevich (COL) for Holding (Minor) at 19:42

Overtime #1

No Goal

Penalties :
Calvin de Haan (COL) for Cross-checking (Minor) at 13:51, Calvin de Haan (COL) for Elbowing (Minor) at 18:11

Overtime #2

7. DALLAS , Brady Skjei 1 (Charlie McAvoy 6, Evgenii Dadonov 5) at 10:57 (PP)

Penalties :
Jonas Brodin (COL) for Roughing (Minor) at 1:35, Quinn Hughes (DAL) for Elbowing (Minor) at 7:04, Leo Komarov (COL) for Hooking (Minor) at 9:52

Goalie Stats

Marc-Andre Fleury (DAL), 38 saves from 41 shots - (0.927), W, 3-3-0, 90:58 minutes
Carey Price (COL), 39 saves from 43 shots - (0.907), OTL, 3-2-1, 90:58 minutes

Players Stats for DALLAS

Player Name              G  A  P  +/- PIM S  H  SB GA TA FO     MP     PP MP  PK MP  
------------------------------------------------------------------------------------
Adam Boqvist             0  0  0  -3  0   0  1  2  0  0  0/0    25:21   2:25   2:40 
Adam Lowry               0  0  0  -2  2   1  3  0  0  0  13/27  20:45   0:00   4:13 
Alex Tuch                0  0  0  -2  0   2  0  0  0  0  0/0    25:10   7:21   1:05 
Auston Matthews          1  1  2   2  0   3  0  1  0  0  24/44  31:22   8:36   2:13 
Brady Skjei              1  0  1   0  2   2  1  0  0  0  0/0    35:20   6:59   3:25 
Charlie McAvoy           0  2  2   2  5   1  2  0  0  0  0/0    34:36   6:20   5:54 
Evgenii Dadonov          0  2  2   2  0   2  1  0  0  0  0/0    28:26   8:14   0:00 
Ilya Mikheyev            0  0  0  -2  0   1  0  0  0  0  0/0    16:33   0:00   0:00 
Jakob Chychrun           1  1  2   2  2   5  1  0  0  0  0/0    32:43   8:05   3:43 
Jason Spezza             0  0  0   0  0   0  0  0  0  0  1/4    15:29   0:53   3:58 
Kasperi Kapanen          0  0  0  -1  0   5  1  0  0  0  0/1    16:50   0:00   0:00 
Kirby Dach               0  0  0   0  0   1  1  0  0  0  1/9    10:38   0:00   0:00 
Lawson Crouse            0  0  0   0  0   0  0  0  0  0  0/0    13:11   0:00   2:33 
Mikko Rantanen           0  1  1  -1  0   4  1  0  0  0  16/32  25:04   8:14   0:00 
Nikita Zaitsev           0  0  0  -3  2   2  4  4  0  0  0/0    24:25   0:26   3:20 
Quinn Hughes             1  0  1   0  2   5  0  2  0  0  0/0    29:15   9:25   0:06 
Timo Meier               0  0  0   2  0   6  5  1  0  0  2/5    33:54   8:36   5:06 
Travis Konecny           0  0  0  -1  0   3  0  0  0  0  0/1    25:47   8:36   0:00 

Players Stats for COLORADO

Player Name              G  A  P  +/- PIM S  H  SB GA TA FO     MP     PP MP  PK MP  
------------------------------------------------------------------------------------
Artturi Lehkonen         0  0  0  -1  0   2  3  0  0  0  0/1    21:43   3:57   0:00 
Brandon Carlo            0  0  0  -1  0   1  1  1  0  0  0/0    36:39   4:47   8:53 
Calvin de Haan           0  1  1   0  4   1  6  2  0  0  0/0    29:11   0:00   6:39 
David Krejci             0  0  0  -1  2   0  0  0  0  0  8/24   30:37   3:57   8:55 
David Pastrnak           1  0  1   1  2   9  1  1  0  0  2/5    28:54   5:37   1:12 
Dylan Larkin             0  1  1   1  0   2  3  1  0  0  25/36  32:46   5:37   5:03 
John Moore               0  1  1   2  5   2  2  0  0  0  0/0    23:04   4:47   0:42 
Jonas Brodin             0  0  0  -1  2   1  0  2  0  0  0/0    35:05   4:47   6:35 
Leo Komarov              1  0  1   1  2   6  3  1  0  0  0/0    13:50   0:00   0:00 
Mattias Janmark          0  0  0   0  0   4  0  0  0  0  0/0    10:51   0:00   0:00 
Mikko Koivu              0  1  1   1  0   1  2  0  0  0  11/17  24:01   0:00  10:10 
Nick Bjugstad            0  0  0   0  2   0  1  0  0  0  4/7    10:50   0:00   0:00 
Pavel Buchnevich         1  1  2   1  2   4  0  0  0  0  0/0    27:21   5:36   0:00 
Ron Hainsey              0  0  0  -1  2   2  3  1  0  0  0/0    36:53   4:47   8:44 
Urho Vaakanainen         0  0  0   3  0   0  0  2  0  0  0/0    20:59   0:00   2:07 
Valtteri Filppula        0  1  1   1  2   1  0  0  0  0  1/2    15:20   0:00   1:30 
Warren Foegele           0  0  0   0  0   2  1  0  0  0  0/0    10:51   0:00   0:00 
William Karlsson         0  0  0  -1  0   3  1  0  0  0  15/31  28:33   3:57   6:50 

3 Stars

1 - Auston Matthews (DAL)
2 - Jakob Chychrun (DAL)
3 - Evgenii Dadonov (DAL)

Power Play

DALLAS - 2 on 10 Attempt(s) - 20.00%
COLORADO - 0 on 5 Attempt(s) - 0.00%

Penalty Kill

DALLAS - 5 on 5 Attempt(s) - 100.00% - Score 0 goal in Penalty Kill
COLORADO - 8 on 10 Attempt(s) - 80.00% - Score 0 goal in Penalty Kill

Team Stat

DALLAS - Hits : 21 - Faceoff Wins : 57 - Blocked Shots : 10 - Penalty Minutes : 15
COLORADO - Hits : 27 - Faceoff Wins : 66 - Blocked Shots : 11 - Penalty Minutes : 25

Official

Referees : Dean Morton and Alex Nellis
Linesman : Brent Colby and Justin Cornell

Game Notes

John Moore beats up Charlie McAvoy at 2:03 of 1st period

Finance

Level 1 -- Attendance: 5811 (96.85%) -- Ticket Income $534,612
Level 2 -- Attendance: 3951 (79.02%) -- Ticket Income $244,962
Level 3 -- Attendance: 2000 (100.00%) -- Ticket Income $68,000
Level 4 -- Attendance: 3654 (91.35%) -- Ticket Income $80,388
Luxury Box -- Attendance: 1000 (100.00%) -- Ticket Income $180,000
Game was played at the Pepsi Center.
Total Attendance: 16416 (91.20%)
Total Ticket Income: $1,107,962
Total Income: $1,107,962

DALLAS

5 vs 5 Forward 
   Center                   Left Wing                Right Wing               Time % Phy DF OF 
 1 Auston Matthews          Timo Meier               Evgenii Dadonov          36     0   1  4  
 2 Mikko Rantanen           Travis Konecny           Kasperi Kapanen          30     1   2  2  
 3 Adam Lowry               Alex Tuch                Ilya Mikheyev            24     1   2  2  
 4 Kirby Dach               Jason Spezza             Lawson Crouse            10     1   2  2  

5 vs 5 Defense 
   Defense                  Defense                                           Time % Phy DF OF 
 1 Charlie McAvoy           Jakob Chychrun                                    34     1   1  3  
 2 Quinn Hughes             Brady Skjei                                       33     1   1  3  
 3 Adam Boqvist             Nikita Zaitsev                                    23     1   2  2  
 4 Charlie McAvoy           Brady Skjei                                       10     1   1  3  

PowerPlay Forward 
   Center                   Left Wing                Right Wing               Time % Phy DF OF 
 1 Auston Matthews          Timo Meier               Travis Konecny           55     0   1  4  
 2 Mikko Rantanen           Evgenii Dadonov          Alex Tuch                45     0   1  4  

PowerPlay Defense
   Defense                  Defense                                           Time % Phy DF OF 
 1 Quinn Hughes             Jakob Chychrun                                    60     1   1  3  
 2 Charlie McAvoy           Brady Skjei                                       40     1   1  3  

Penalty Kill 4 Players Forward 
   Center                   Wing                     Time % Phy DF OF 
 1 Adam Lowry               Timo Meier               60     0   4  1  
 2 Auston Matthews          Lawson Crouse            40     0   4  1  

Penalty Kill 4 Players Defense
   Defense                  Defense                  Time % Phy DF OF 
 1 Charlie McAvoy           Jakob Chychrun           50     1   4  0  
 2 Brady Skjei              Nikita Zaitsev           50     1   4  0  

Penalty Kill - 3 Players Forward 
   Forward                                           Time % Phy DF OF 
 1 Adam Lowry                                        60     0   5  0  
 2 Lawson Crouse                                     40     0   5  0  

Penalty Kill - 3 Players Defense
   Defense                  Defense                  Time % Phy DF OF 
 1 Brady Skjei              Charlie McAvoy           60     0   5  0  
 2 Nikita Zaitsev           Jakob Chychrun           40     0   5  0  

4 vs 4 Forward 
   Center                   Wing                     Time % Phy DF OF 
 1 Auston Matthews          Travis Konecny           60     1   1  3  
 2 Mikko Rantanen           Timo Meier               40     1   2  2  

4 vs 4 Defense
   Defense                  Defense                  Time % Phy DF OF 
 1 Charlie McAvoy           Brady Skjei              60     1   1  3  
 2 Quinn Hughes             Jakob Chychrun           40     1   2  2  

Last Minutes Offensive
   Center                   Left Wing                Right Wing               Defense                  Defense                  
   Auston Matthews          Mikko Rantanen           Timo Meier               Charlie McAvoy           Quinn Hughes             

Last Minutes Defensive
   Center                   Left Wing                Right Wing               Defense                  Defense                  
   Adam Lowry               Timo Meier               Lawson Crouse            Charlie McAvoy           Brady Skjei              

Goaltenders
Starting : Marc-Andre Fleury        
Backup : Ilya Samsonov            

Extra Forwards
Normal : Mikko Rantanen, Auston Matthews, Timo Meier - PP : Mikko Rantanen, Auston Matthews - PK : Adam Lowry
Extra Defensemen
Normal : Charlie McAvoy, Jakob Chychrun, Brady Skjei - PP : Charlie McAvoy - PK : Brady Skjei, Charlie McAvoy
Penalty Shots
Mikko Rantanen, Jason Spezza, Auston Matthews, Charlie McAvoy, Alex Tuch

Scratches
Vladimir Sobotka (Healthy), Stefan Noesen (Healthy), Denis Gurianov (Healthy)

COLORADO

5 vs 5 Forward 
   Center                   Left Wing                Right Wing               Time % Phy DF OF 
 1 Dylan Larkin             Pavel Buchnevich         David Pastrnak           35     1   2  2  
 2 William Karlsson         David Krejci             Artturi Lehkonen         30     1   2  2  
 3 Mikko Koivu              Leo Komarov              Valtteri Filppula        25     1   2  2  
 4 Nick Bjugstad            Warren Foegele           Mattias Janmark          10     1   2  2  

5 vs 5 Defense 
   Defense                  Defense                                           Time % Phy DF OF 
 1 Ron Hainsey              Jonas Brodin                                      35     1   2  2  
 2 Brandon Carlo            Calvin de Haan                                    30     1   2  2  
 3 John Moore               Urho Vaakanainen                                  25     1   2  2  
 4 Brandon Carlo            Calvin de Haan                                    10     1   2  2  

PowerPlay Forward 
   Center                   Left Wing                Right Wing               Time % Phy DF OF 
 1 Dylan Larkin             Pavel Buchnevich         David Pastrnak           60     1   2  2  
 2 William Karlsson         David Krejci             Artturi Lehkonen         40     1   2  2  

PowerPlay Defense
   Defense                  Defense                                           Time % Phy DF OF 
 1 Ron Hainsey              John Moore                                        60     1   2  2  
 2 Brandon Carlo            Jonas Brodin                                      40     1   2  2  

Penalty Kill 4 Players Forward 
   Center                   Wing                     Time % Phy DF OF 
 1 David Krejci             Mikko Koivu              60     1   2  2  
 2 Dylan Larkin             William Karlsson         40     1   2  2  

Penalty Kill 4 Players Defense
   Defense                  Defense                  Time % Phy DF OF 
 1 Ron Hainsey              Jonas Brodin             60     1   2  2  
 2 Brandon Carlo            Calvin de Haan           40     1   2  2  

Penalty Kill - 3 Players Forward 
   Forward                                           Time % Phy DF OF 
 1 Dylan Larkin                                      60     1   2  2  
 2 William Karlsson                                  40     1   2  2  

Penalty Kill - 3 Players Defense
   Defense                  Defense                  Time % Phy DF OF 
 1 Ron Hainsey              Jonas Brodin             60     1   2  2  
 2 Brandon Carlo            Calvin de Haan           40     1   2  2  

4 vs 4 Forward 
   Center                   Wing                     Time % Phy DF OF 
 1 Dylan Larkin             David Pastrnak           60     1   2  2  
 2 William Karlsson         David Krejci             40     1   2  2  

4 vs 4 Defense
   Defense                  Defense                  Time % Phy DF OF 
 1 Ron Hainsey              Jonas Brodin             60     1   2  2  
 2 Brandon Carlo            Calvin de Haan           40     1   2  2  

Last Minutes Offensive
   Center                   Left Wing                Right Wing               Defense                  Defense                  
   Dylan Larkin             Pavel Buchnevich         David Pastrnak           Ron Hainsey              Jonas Brodin             

Last Minutes Defensive
   Center                   Left Wing                Right Wing               Defense                  Defense                  
   Dylan Larkin             Pavel Buchnevich         David Pastrnak           Ron Hainsey              Jonas Brodin             

Goaltenders
Starting : Carey Price              
Backup : Linus Ullmark            

Extra Forwards
Normal : Dylan Larkin, David Pastrnak, David Krejci - PP : David Pastrnak, Dylan Larkin - PK : William Karlsson
Extra Defensemen
Normal : Brandon Carlo, Jonas Brodin, Ron Hainsey - PP : Brandon Carlo - PK : Brandon Carlo, Calvin de Haan
Penalty Shots
David Pastrnak, Dylan Larkin, William Karlsson, David Krejci, Pavel Buchnevich

Scratches
COL Cap Hit (Suspend)

% Time on Ice - DALLAS

Lines # - Real PCT - Wanted PCT - Time Play
Normal Forward
1 - 31% - 36% - 20:12
2 - 26% - 30% - 16:50
3 - 26% - 24% - 16:33
4 - 17% - 10% - 10:38
Normal Defense
1 - 30% - 34% - 19:33
2 - 30% - 33% - 19:34
3 - 31% - 23% - 20:04
4 - 8% - 10% - 5:02
PP Forward
1 - 51% - 55% - 8:36
2 - 49% - 45% - 8:14
PP Defense
1 - 56% - 60% - 9:25
2 - 44% - 40% - 7:25
PK Forward
1 - 77% - 60% - 7:21
2 - 23% - 40% - 2:13
PK Defense
1 - 53% - 50% - 5:02
2 - 47% - 50% - 4:32
PK3 Forward
1 - 0% - 60%
2 - 0% - 40%
PK3 Defense
1 - 0% - 60%
2 - 0% - 40%
44 Forward
1 - 100% - 60% - 0:21
2 - 0% - 40% - 0:00
44 Defense
1 - 100% - 60% - 0:21
2 - 0% - 40% - 0:00
Last Minute Offensive  - 0:00
Last Minute Defensive  - 0:00
Total
Forward - 90:58
Defense - 90:58

% Time on Ice - COLORADO

Lines # - Real PCT - Wanted PCT - Time Play
Normal Forward
1 - 34% - 35% - 21:45
2 - 28% - 30% - 17:46
3 - 22% - 25% - 13:51
4 - 17% - 10% - 10:51
Normal Defense
1 - 35% - 35% - 22:39
2 - 30% - 30% - 19:18
3 - 30% - 25% - 19:21
4 - 5% - 10% - 2:55
PP Forward
1 - 59% - 60% - 5:37
2 - 41% - 40% - 3:57
PP Defense
1 - 50% - 60% - 4:47
2 - 50% - 40% - 4:47
PK Forward
1 - 71% - 60% - 11:57
2 - 29% - 40% - 4:53
PK Defense
1 - 49% - 60% - 8:10
2 - 51% - 40% - 8:40
PK3 Forward
1 - 0% - 60%
2 - 0% - 40%
PK3 Defense
1 - 0% - 60%
2 - 0% - 40%
44 Forward
1 - 100% - 60% - 0:21
2 - 0% - 40% - 0:00
44 Defense
1 - 19% - 60% - 0:04
2 - 81% - 40% - 0:17
Last Minute Offensive  - 0:00
Last Minute Defensive  - 0:00
Total
Forward - 90:58
Defense - 90:58

Play-by-Play

1st period


0:01 of 1st period - Auston Matthews wins face-off versus Dylan Larkin in neutral zone.
0:04 of 1st period - Shot by Jakob Chychrun.
0:04 of 1st period - Goal by Jakob Chychrun - DALLAS : 1 - COLORADO : 0.
0:05 of 1st period - Mikko Rantanen wins face-off versus William Karlsson in neutral zone.
0:43 of 1st period - Travis Konecny is hit by Calvin de Haan and loses puck.
0:58 of 1st period - Shot by Auston Matthews.
0:58 of 1st period - Goal by Auston Matthews - DALLAS : 2 - COLORADO : 0.
0:59 of 1st period - Dylan Larkin wins face-off versus Adam Lowry in neutral zone.
1:07 of 1st period - Icing by Nikita Zaitsev.
1:08 of 1st period - Adam Lowry wins face-off versus Mikko Koivu in DALLAS zone.
1:48 of 1st period - Icing by Urho Vaakanainen.
1:49 of 1st period - Auston Matthews wins face-off versus Mikko Koivu in COLORADO zone.
2:03 of 1st period - John Moore beats up Charlie McAvoy.
2:03 of 1st period - Penalty to John Moore for Fighting.
2:03 of 1st period - Penalty to Charlie McAvoy for Fighting.
2:04 of 1st period - Dylan Larkin wins face-off versus Kirby Dach in COLORADO zone.
2:54 of 1st period - Kirby Dach is hit by Calvin de Haan and loses puck.
3:13 of 1st period - Lawson Crouse is hit by Nick Bjugstad and loses puck.
4:40 of 1st period - Quinn Hughes is hit by Mikko Koivu and loses puck.
4:45 of 1st period - Shot by Leo Komarov.
4:45 of 1st period - Stopped by Marc-Andre Fleury without a rebound.
4:46 of 1st period - Dylan Larkin wins face-off versus Adam Lowry in DALLAS zone.
4:47 of 1st period - Shot by Calvin de Haan.
4:47 of 1st period - Shot Misses the Net.
4:49 of 1st period - Shot by Pavel Buchnevich.
4:49 of 1st period - Goal by Pavel Buchnevich - DALLAS : 2 - COLORADO : 1.
4:50 of 1st period - Dylan Larkin wins face-off versus Mikko Rantanen in neutral zone.
5:19 of 1st period - Shot by Pavel Buchnevich.
5:19 of 1st period - Stopped by Marc-Andre Fleury with a rebound.
5:21 of 1st period - Shot by Dylan Larkin.
5:21 of 1st period - Stopped by Marc-Andre Fleury without a rebound.
5:22 of 1st period - Auston Matthews wins face-off versus William Karlsson in DALLAS zone.
5:22 of 1st period - Auston Matthews is hit by Artturi Lehkonen.
5:27 of 1st period - Timo Meier is hit by Artturi Lehkonen.
5:52 of 1st period - Minor Penalty to David Krejci for Tripping.
5:53 of 1st period - Valtteri Filppula wins face-off versus Mikko Rantanen in COLORADO zone.
6:14 of 1st period - Shot by Alex Tuch.
6:14 of 1st period - Shot Misses the Net.
6:18 of 1st period - Shot by Evgenii Dadonov.
6:18 of 1st period - Shot Misses the Net.
6:20 of 1st period - Shot by Quinn Hughes.
6:20 of 1st period - Stopped by Carey Price with a rebound.
6:52 of 1st period - Shot by Timo Meier.
6:52 of 1st period - Stopped by Carey Price without a rebound.
6:53 of 1st period - Dylan Larkin wins face-off versus Auston Matthews in COLORADO zone.
7:19 of 1st period - Shot by Auston Matthews.
7:19 of 1st period - Shot Misses the Net.
7:21 of 1st period - Shot by Auston Matthews.
7:21 of 1st period - Stopped by Carey Price without a rebound.
7:22 of 1st period - William Karlsson wins face-off versus Mikko Rantanen in COLORADO zone.
7:37 of 1st period - Shot by Mikko Rantanen.
7:37 of 1st period - Shot Blocked by Calvin de Haan.
8:17 of 1st period - Shot by Mattias Janmark.
8:17 of 1st period - Stopped by Marc-Andre Fleury without a rebound.
8:18 of 1st period - Adam Lowry wins face-off versus Dylan Larkin in DALLAS zone.
8:18 of 1st period - Adam Lowry is hit by David Pastrnak.
8:26 of 1st period - Ron Hainsey is hit by Adam Lowry and loses puck.
9:11 of 1st period - Off-side.
9:12 of 1st period - Mikko Koivu wins face-off versus Auston Matthews in neutral zone.
9:34 of 1st period - Shot by Timo Meier.
9:34 of 1st period - Stopped by Carey Price with a rebound.
9:38 of 1st period - Shot by Evgenii Dadonov.
9:38 of 1st period - Shot Misses the Net.
9:40 of 1st period - Shot by Jakob Chychrun.
9:40 of 1st period - Stopped by Carey Price with a rebound.
10:02 of 1st period - Shot by Travis Konecny.
10:02 of 1st period - Shot Misses the Net.
10:04 of 1st period - Shot by Kasperi Kapanen.
10:04 of 1st period - Stopped by Carey Price without a rebound.
10:05 of 1st period - Adam Lowry wins face-off versus David Pastrnak in COLORADO zone.
10:17 of 1st period - Shot by David Pastrnak.
10:17 of 1st period - Stopped by Marc-Andre Fleury without a rebound.
10:18 of 1st period - Mikko Rantanen wins face-off versus William Karlsson in DALLAS zone.
10:41 of 1st period - Shot by William Karlsson.
10:41 of 1st period - Shot Blocked by Adam Boqvist.
11:06 of 1st period - Icing by Adam Boqvist.
11:07 of 1st period - Dylan Larkin wins face-off versus Mikko Rantanen in DALLAS zone.
11:07 of 1st period - Dylan Larkin is hit by Adam Boqvist.
11:12 of 1st period - Pavel Buchnevich is hit by Nikita Zaitsev and loses puck.
11:27 of 1st period - Travis Konecny is hit by Brandon Carlo and loses puck.
11:42 of 1st period - Shot by Dylan Larkin.
11:42 of 1st period - Shot Blocked by Auston Matthews.
11:56 of 1st period - Shot by Auston Matthews.
11:56 of 1st period - Shot Misses the Net.
12:06 of 1st period - Icing by Auston Matthews.
12:07 of 1st period - Mikko Koivu wins face-off versus Auston Matthews in DALLAS zone.
13:21 of 1st period - Shot by William Karlsson.
13:21 of 1st period - Shot Misses the Net.
13:23 of 1st period - Shot by David Krejci.
13:23 of 1st period - Shot Misses the Net.
13:25 of 1st period - Shot by Urho Vaakanainen.
13:25 of 1st period - Deflect By Artturi Lehkonen.
13:25 of 1st period - Shot Misses the Net.
13:55 of 1st period - Minor Penalty to Nick Bjugstad for Holding.
13:56 of 1st period - Auston Matthews wins face-off versus David Krejci in COLORADO zone.
14:31 of 1st period - Shot by Auston Matthews.
14:31 of 1st period - Shot Blocked by Dylan Larkin.
14:33 of 1st period - Shot by Adam Boqvist.
14:33 of 1st period - Shot Misses the Net.
14:49 of 1st period - Jonas Brodin is hit by Mikko Rantanen and loses puck.
15:46 of 1st period - Shot by Quinn Hughes.
15:46 of 1st period - Stopped by Carey Price without a rebound.
15:47 of 1st period - Auston Matthews wins face-off versus David Krejci in COLORADO zone.
15:48 of 1st period - Shot by Timo Meier.
15:48 of 1st period - Stopped by Carey Price without a rebound.
15:49 of 1st period - Mikko Rantanen wins face-off versus David Krejci in COLORADO zone.
16:49 of 1st period - Icing by Quinn Hughes.
16:50 of 1st period - Dylan Larkin wins face-off versus Mikko Rantanen in DALLAS zone.
16:55 of 1st period - Shot by David Pastrnak.
16:55 of 1st period - Stopped by Marc-Andre Fleury without a rebound.
16:56 of 1st period - Dylan Larkin wins face-off versus Auston Matthews in DALLAS zone.
17:06 of 1st period - Dylan Larkin is hit by Brady Skjei and loses puck.
17:35 of 1st period - Shot by Dylan Larkin.
17:35 of 1st period - Shot Misses the Net.
18:07 of 1st period - Shot by Kasperi Kapanen.
18:07 of 1st period - Shot Hit the Post.
18:25 of 1st period - Shot by Travis Konecny.
18:25 of 1st period - Stopped by Carey Price without a rebound.
18:26 of 1st period - Adam Lowry wins face-off versus Artturi Lehkonen in COLORADO zone.
18:37 of 1st period - Shot by Alex Tuch.
18:37 of 1st period - Stopped by Carey Price without a rebound.
18:38 of 1st period - Mikko Koivu wins face-off versus Kirby Dach in COLORADO zone.
19:05 of 1st period - Shot by Lawson Crouse.
19:05 of 1st period - Shot Misses the Net.
19:07 of 1st period - Shot by Nikita Zaitsev.
19:07 of 1st period - Shot Misses the Net.
19:09 of 1st period - Shot by Nikita Zaitsev.
19:09 of 1st period - Stopped by Carey Price with a rebound.
19:13 of 1st period - Shot by Jason Spezza.
19:13 of 1st period - Shot Blocked by Leo Komarov.
19:15 of 1st period - Shot by Nikita Zaitsev.
19:15 of 1st period - Shot Blocked by Urho Vaakanainen.
Goals for this period are 2 for DALLAS vs 1 for COLORADO.
Shots for this period are 13 for DALLAS vs 7 for COLORADO.

2nd period


0:01 of 2nd period - Auston Matthews wins face-off versus David Pastrnak in neutral zone.
0:34 of 2nd period - Shot by Pavel Buchnevich.
0:34 of 2nd period - Stopped by Marc-Andre Fleury without a rebound.
0:35 of 2nd period - William Karlsson wins face-off versus Mikko Rantanen in DALLAS zone.
0:35 of 2nd period - Minor Penalty to Brady Skjei for Hooking.
0:36 of 2nd period - Adam Lowry wins face-off versus William Karlsson in DALLAS zone.
0:55 of 2nd period - Icing by Artturi Lehkonen.
0:56 of 2nd period - William Karlsson wins face-off versus Adam Lowry in COLORADO zone.
1:59 of 2nd period - Shot by Dylan Larkin.
1:59 of 2nd period - Shot Misses the Net.
2:10 of 2nd period - David Pastrnak is hit by Nikita Zaitsev and loses puck.
2:31 of 2nd period - Shot by John Moore.
2:31 of 2nd period - Stopped by Marc-Andre Fleury without a rebound.
2:32 of 2nd period - Auston Matthews wins face-off versus William Karlsson in DALLAS zone.
2:43 of 2nd period - Shot by Mikko Koivu.
2:43 of 2nd period - Stopped by Marc-Andre Fleury without a rebound.
2:44 of 2nd period - Nick Bjugstad wins face-off versus Timo Meier in DALLAS zone.
3:00 of 2nd period - Icing by Mattias Janmark.
3:01 of 2nd period - Mikko Rantanen wins face-off versus Nick Bjugstad in COLORADO zone.
4:42 of 2nd period - Shot by William Karlsson.
4:42 of 2nd period - Stopped by Marc-Andre Fleury without a rebound.
4:43 of 2nd period - Dylan Larkin wins face-off versus Adam Lowry in DALLAS zone.
4:51 of 2nd period - Dylan Larkin is hit by Nikita Zaitsev and loses puck.
5:00 of 2nd period - Shot by Pavel Buchnevich.
5:00 of 2nd period - Deflect By David Pastrnak.
5:00 of 2nd period - Goal by David Pastrnak - DALLAS : 2 - COLORADO : 2.
5:01 of 2nd period - Mikko Koivu wins face-off versus Kirby Dach in neutral zone.
5:11 of 2nd period - Shot by Mikko Koivu.
5:11 of 2nd period - Shot Misses the Net.
5:13 of 2nd period - Shot by Leo Komarov.
5:13 of 2nd period - Stopped by Marc-Andre Fleury without a rebound.
5:13 of 2nd period - Minor Penalty to Jakob Chychrun for Hooking.
5:14 of 2nd period - David Pastrnak wins face-off versus Adam Lowry in DALLAS zone.
5:45 of 2nd period - Shot by John Moore.
5:45 of 2nd period - Stopped by Marc-Andre Fleury without a rebound.
5:46 of 2nd period - Adam Lowry wins face-off versus William Karlsson in DALLAS zone.
6:17 of 2nd period - Shot by Artturi Lehkonen.
6:17 of 2nd period - Stopped by Marc-Andre Fleury without a rebound.
6:18 of 2nd period - Auston Matthews wins face-off versus Dylan Larkin in DALLAS zone.
6:55 of 2nd period - Shot by David Pastrnak.
6:55 of 2nd period - Shot Misses the Net.
7:15 of 2nd period - Icing by Brandon Carlo.
7:16 of 2nd period - Mikko Koivu wins face-off versus Mikko Rantanen in COLORADO zone.
7:33 of 2nd period - Shot by Travis Konecny.
7:33 of 2nd period - Stopped by Carey Price without a rebound.
7:34 of 2nd period - William Karlsson wins face-off versus Auston Matthews in COLORADO zone.
7:34 of 2nd period - William Karlsson is hit by Timo Meier.
7:37 of 2nd period - Icing by Jonas Brodin.
7:38 of 2nd period - William Karlsson wins face-off versus Auston Matthews in COLORADO zone.
8:24 of 2nd period - Icing by Charlie McAvoy.
8:25 of 2nd period - Dylan Larkin wins face-off versus Timo Meier in DALLAS zone.
8:42 of 2nd period - Shot by David Pastrnak.
8:42 of 2nd period - Shot Hit the Post.
8:44 of 2nd period - Shot by Pavel Buchnevich.
8:44 of 2nd period - Shot Misses the Net.
8:46 of 2nd period - Shot by David Pastrnak.
8:46 of 2nd period - Shot Misses the Net.
8:48 of 2nd period - Shot by Calvin de Haan.
8:48 of 2nd period - Stopped by Marc-Andre Fleury with a rebound.
8:50 of 2nd period - Shot by Brandon Carlo.
8:50 of 2nd period - Stopped by Marc-Andre Fleury with a rebound.
9:04 of 2nd period - Shot by David Pastrnak.
9:04 of 2nd period - Shot Misses the Net.
9:26 of 2nd period - Brady Skjei is hit by Leo Komarov and loses puck.
9:33 of 2nd period - Shot by Travis Konecny.
9:33 of 2nd period - Shot Misses the Net.
9:35 of 2nd period - Shot by Brady Skjei.
9:35 of 2nd period - Shot Blocked by Urho Vaakanainen.
9:41 of 2nd period - Shot by Kasperi Kapanen.
9:41 of 2nd period - Stopped by Carey Price without a rebound.
9:42 of 2nd period - William Karlsson wins face-off versus Adam Lowry in COLORADO zone.
9:52 of 2nd period - Icing by Ron Hainsey.
9:53 of 2nd period - William Karlsson wins face-off versus Kirby Dach in COLORADO zone.
10:41 of 2nd period - Brandon Carlo is hit by Kirby Dach.
10:44 of 2nd period - Off-side.
10:45 of 2nd period - Mikko Koivu wins face-off versus Mikko Rantanen in neutral zone.
10:45 of 2nd period - Brandon Carlo is hit by Kasperi Kapanen and loses puck.
10:52 of 2nd period - Shot by Leo Komarov.
10:52 of 2nd period - Stopped by Marc-Andre Fleury without a rebound.
10:53 of 2nd period - Mikko Rantanen wins face-off versus Dylan Larkin in DALLAS zone.
10:55 of 2nd period - Icing by Nikita Zaitsev.
10:56 of 2nd period - Dylan Larkin wins face-off versus Mikko Rantanen in DALLAS zone.
11:04 of 2nd period - Off-side.
11:05 of 2nd period - Adam Lowry wins face-off versus Mikko Koivu in neutral zone.
11:26 of 2nd period - Jakob Chychrun is hit by Ron Hainsey and loses puck.
12:32 of 2nd period - Shot by David Pastrnak.
12:32 of 2nd period - Stopped by Marc-Andre Fleury without a rebound.
12:33 of 2nd period - William Karlsson wins face-off versus Auston Matthews in DALLAS zone.
12:38 of 2nd period - Shot by Artturi Lehkonen.
12:38 of 2nd period - Stopped by Marc-Andre Fleury without a rebound.
12:39 of 2nd period - Auston Matthews wins face-off versus William Karlsson in DALLAS zone.
12:52 of 2nd period - William Karlsson is hit by Evgenii Dadonov and loses puck.
13:44 of 2nd period - Shot by Dylan Larkin.
13:44 of 2nd period - Shot Misses the Net.
14:04 of 2nd period - Shot by David Pastrnak.
14:04 of 2nd period - Shot Misses the Net.
14:09 of 2nd period - Minor Penalty to David Pastrnak for High sticking.
14:10 of 2nd period - Mikko Rantanen wins face-off versus David Krejci in COLORADO zone.
14:11 of 2nd period - Shot by Jakob Chychrun.
14:11 of 2nd period - Shot Misses the Net.
14:39 of 2nd period - Shot by Mikko Koivu.
14:39 of 2nd period - Shot Misses the Net.
14:42 of 2nd period - Icing by Jakob Chychrun.
14:43 of 2nd period - David Krejci wins face-off versus Mikko Rantanen in DALLAS zone.
14:44 of 2nd period - Shot by Jonas Brodin.
14:44 of 2nd period - Shot Blocked by Quinn Hughes.
14:46 of 2nd period - Shot by Jonas Brodin.
14:46 of 2nd period - Shot Misses the Net.
15:36 of 2nd period - Shot by Timo Meier.
15:36 of 2nd period - Stopped by Carey Price without a rebound.
15:37 of 2nd period - David Krejci wins face-off versus Auston Matthews in COLORADO zone.
16:31 of 2nd period - Shot by Warren Foegele.
16:31 of 2nd period - Stopped by Marc-Andre Fleury with a rebound.
16:33 of 2nd period - Shot by John Moore.
16:33 of 2nd period - Shot Misses the Net.
16:35 of 2nd period - Shot by Nick Bjugstad.
16:35 of 2nd period - Deflect By Mattias Janmark.
16:35 of 2nd period - Stopped by Marc-Andre Fleury with a rebound.
17:36 of 2nd period - Minor Penalty to Valtteri Filppula for Hooking.
17:37 of 2nd period - David Krejci wins face-off versus Auston Matthews in COLORADO zone.
18:02 of 2nd period - Shot by Travis Konecny.
18:02 of 2nd period - Shot Misses the Net.
18:54 of 2nd period - Icing by Travis Konecny.
18:55 of 2nd period - Auston Matthews wins face-off versus David Krejci in DALLAS zone.
Goals for this period are 0 for DALLAS vs 1 for COLORADO.
Shots for this period are 3 for DALLAS vs 15 for COLORADO.

3rd period


0:01 of 3rd period - Dylan Larkin wins face-off versus Auston Matthews in neutral zone.
0:24 of 3rd period - Shot by Auston Matthews.
0:24 of 3rd period - Shot Blocked by Calvin de Haan.
0:28 of 3rd period - Shot by Timo Meier.
0:28 of 3rd period - Shot Blocked by Brandon Carlo.
0:30 of 3rd period - Shot by Timo Meier.
0:30 of 3rd period - Shot Misses the Net.
0:34 of 3rd period - Shot by Auston Matthews.
0:34 of 3rd period - Shot Misses the Net.
1:59 of 3rd period - Shot by Adam Lowry.
1:59 of 3rd period - Shot Blocked by Jonas Brodin.
3:13 of 3rd period - Shot by Kirby Dach.
3:13 of 3rd period - Stopped by Carey Price without a rebound.
3:14 of 3rd period - David Pastrnak wins face-off versus Auston Matthews in COLORADO zone.
3:14 of 3rd period - David Pastrnak is hit by Timo Meier.
4:26 of 3rd period - Travis Konecny is hit by Leo Komarov and loses puck.
5:41 of 3rd period - Shot by Adam Lowry.
5:41 of 3rd period - Stopped by Carey Price with a rebound.
6:38 of 3rd period - Off-side.
6:39 of 3rd period - Dylan Larkin wins face-off versus Kirby Dach in neutral zone.
7:12 of 3rd period - Shot by Pavel Buchnevich.
7:12 of 3rd period - Shot Misses the Net.
7:20 of 3rd period - Shot by David Pastrnak.
7:20 of 3rd period - Stopped by Marc-Andre Fleury without a rebound.
7:21 of 3rd period - Auston Matthews wins face-off versus Mikko Koivu in DALLAS zone.
7:33 of 3rd period - Minor Penalty to Ron Hainsey for Hooking.
7:34 of 3rd period - David Krejci wins face-off versus Mikko Rantanen in COLORADO zone.
7:47 of 3rd period - Shot by Quinn Hughes.
7:47 of 3rd period - Goal by Quinn Hughes - DALLAS : 3 - COLORADO : 2.
7:48 of 3rd period - William Karlsson wins face-off versus Adam Lowry in neutral zone.
8:02 of 3rd period - Shot by Artturi Lehkonen.
8:02 of 3rd period - Shot Blocked by Nikita Zaitsev.
8:04 of 3rd period - Shot by William Karlsson.
8:04 of 3rd period - Stopped by Marc-Andre Fleury without a rebound.
8:05 of 3rd period - Auston Matthews wins face-off versus Dylan Larkin in DALLAS zone.
8:05 of 3rd period - Auston Matthews is hit by Dylan Larkin.
8:19 of 3rd period - Evgenii Dadonov is hit by Dylan Larkin and loses puck.
9:00 of 3rd period - Icing by Charlie McAvoy.
9:01 of 3rd period - Auston Matthews wins face-off versus Mikko Koivu in DALLAS zone.
9:20 of 3rd period - Shot by Kasperi Kapanen.
9:20 of 3rd period - Stopped by Carey Price with a rebound.
9:30 of 3rd period - Travis Konecny is hit by Mikko Koivu and loses puck.
9:39 of 3rd period - Shot by Mikko Rantanen.
9:39 of 3rd period - Stopped by Carey Price with a rebound.
9:41 of 3rd period - Shot by Adam Boqvist.
9:41 of 3rd period - Shot Hit the Post.
9:43 of 3rd period - Shot by Nikita Zaitsev.
9:43 of 3rd period - Stopped by Carey Price without a rebound.
9:44 of 3rd period - Adam Lowry wins face-off versus William Karlsson in COLORADO zone.
9:50 of 3rd period - Icing by John Moore.
9:51 of 3rd period - William Karlsson wins face-off versus Adam Lowry in COLORADO zone.
11:02 of 3rd period - Shot by David Pastrnak.
11:02 of 3rd period - Shot Blocked by Nikita Zaitsev.
11:04 of 3rd period - Shot by David Pastrnak.
11:04 of 3rd period - Stopped by Marc-Andre Fleury with a rebound.
11:06 of 3rd period - Shot by Jonas Brodin.
11:06 of 3rd period - Shot Misses the Net.
11:08 of 3rd period - Shot by Ron Hainsey.
11:08 of 3rd period - Shot Misses the Net.
11:09 of 3rd period - Minor Penalty to Nikita Zaitsev for Holding.
11:10 of 3rd period - Adam Lowry wins face-off versus Dylan Larkin in DALLAS zone.
11:16 of 3rd period - Icing by Jonas Brodin.
11:17 of 3rd period - Dylan Larkin wins face-off versus Adam Lowry in COLORADO zone.
12:46 of 3rd period - Shot by Timo Meier.
12:46 of 3rd period - Stopped by Carey Price without a rebound.
12:47 of 3rd period - Dylan Larkin wins face-off versus Jason Spezza in COLORADO zone.
13:25 of 3rd period - Shot by Kasperi Kapanen.
13:25 of 3rd period - Stopped by Carey Price without a rebound.
13:26 of 3rd period - Kirby Dach wins face-off versus Nick Bjugstad in COLORADO zone.
13:37 of 3rd period - Shot by Nick Bjugstad.
13:37 of 3rd period - Shot Blocked by Nikita Zaitsev.
13:43 of 3rd period - Shot by Mattias Janmark.
13:43 of 3rd period - Stopped by Marc-Andre Fleury without a rebound.
13:44 of 3rd period - Mikko Koivu wins face-off versus Kasperi Kapanen in DALLAS zone.
14:03 of 3rd period - Shot by Mikko Rantanen.
14:03 of 3rd period - Shot Misses the Net.
14:05 of 3rd period - Shot by Jakob Chychrun.
14:05 of 3rd period - Shot Misses the Net.
14:07 of 3rd period - Shot by Jakob Chychrun.
14:07 of 3rd period - Stopped by Carey Price without a rebound.
14:08 of 3rd period - Adam Lowry wins face-off versus William Karlsson in COLORADO zone.
15:07 of 3rd period - Icing by Brady Skjei.
15:08 of 3rd period - Mikko Koivu wins face-off versus Adam Lowry in DALLAS zone.
15:19 of 3rd period - Shot by Valtteri Filppula.
15:19 of 3rd period - Deflect By Leo Komarov.
15:19 of 3rd period - Stopped by Marc-Andre Fleury without a rebound.
15:20 of 3rd period - Auston Matthews wins face-off versus Dylan Larkin in DALLAS zone.
15:25 of 3rd period - Calvin de Haan is hit by Timo Meier.
15:55 of 3rd period - Shot by Auston Matthews.
15:55 of 3rd period - Shot Misses the Net.
15:57 of 3rd period - Shot by Evgenii Dadonov.
15:57 of 3rd period - Shot Misses the Net.
17:28 of 3rd period - Shot by Mikko Koivu.
17:28 of 3rd period - Shot Misses the Net.
17:30 of 3rd period - Shot by Valtteri Filppula.
17:30 of 3rd period - Shot Blocked by Nikita Zaitsev.
17:32 of 3rd period - Shot by Leo Komarov.
17:32 of 3rd period - Goal by Leo Komarov - DALLAS : 3 - COLORADO : 3.
17:33 of 3rd period - Nick Bjugstad wins face-off versus Adam Lowry in neutral zone.
17:33 of 3rd period - Brandon Carlo is hit by Adam Lowry and loses puck.
18:04 of 3rd period - Minor Penalty to Adam Lowry for Interference.
18:05 of 3rd period - Dylan Larkin wins face-off versus Jason Spezza in DALLAS zone.
18:10 of 3rd period - Shot by David Pastrnak.
18:10 of 3rd period - Stopped by Marc-Andre Fleury without a rebound.
18:11 of 3rd period - Dylan Larkin wins face-off versus Jason Spezza in DALLAS zone.
18:11 of 3rd period - Dylan Larkin is hit by Jakob Chychrun.
18:13 of 3rd period - Shot by David Pastrnak.
18:13 of 3rd period - Shot Blocked by Timo Meier.
18:15 of 3rd period - Shot by Dylan Larkin.
18:15 of 3rd period - Shot Misses the Net.
18:25 of 3rd period - Shot by Pavel Buchnevich.
18:25 of 3rd period - Stopped by Marc-Andre Fleury with a rebound.
18:27 of 3rd period - Shot by Pavel Buchnevich.
18:27 of 3rd period - Deflect By David Pastrnak.
18:27 of 3rd period - Stopped by Marc-Andre Fleury without a rebound.
18:28 of 3rd period - Jason Spezza wins face-off versus William Karlsson in DALLAS zone.
18:28 of 3rd period - Jason Spezza is hit by Artturi Lehkonen.
19:36 of 3rd period - Pavel Buchnevich is hit by Charlie McAvoy and loses puck.
19:42 of 3rd period - Minor Penalty to Pavel Buchnevich for Holding.
19:43 of 3rd period - Dylan Larkin wins face-off versus Auston Matthews in COLORADO zone.
19:59 of 3rd period - Shot by Travis Konecny.
19:59 of 3rd period - Shot Misses the Net.
Goals for this period are 1 for DALLAS vs 1 for COLORADO.
Shots for this period are 9 for DALLAS vs 9 for COLORADO.

Overtime #1


0:01 of 1st overtime period - Auston Matthews wins face-off versus David Pastrnak in neutral zone.
0:04 of 1st overtime period - Shot by Brady Skjei.
0:04 of 1st overtime period - Stopped by Carey Price without a rebound.
0:05 of 1st overtime period - Auston Matthews wins face-off versus David Krejci in COLORADO zone.
0:16 of 1st overtime period - Shot by Quinn Hughes.
0:16 of 1st overtime period - Stopped by Carey Price without a rebound.
0:17 of 1st overtime period - Mikko Rantanen wins face-off versus David Krejci in COLORADO zone.
0:56 of 1st overtime period - Shot by Evgenii Dadonov.
0:56 of 1st overtime period - Stopped by Carey Price without a rebound.
0:57 of 1st overtime period - Auston Matthews wins face-off versus David Krejci in COLORADO zone.
1:02 of 1st overtime period - Shot by Timo Meier.
1:02 of 1st overtime period - Stopped by Carey Price without a rebound.
1:03 of 1st overtime period - Timo Meier wins face-off versus David Krejci in COLORADO zone.
1:51 of 1st overtime period - Shot by Mattias Janmark.
1:51 of 1st overtime period - Shot Blocked by Adam Boqvist.
1:53 of 1st overtime period - Shot by Warren Foegele.
1:53 of 1st overtime period - Stopped by Marc-Andre Fleury without a rebound.
1:54 of 1st overtime period - Adam Lowry wins face-off versus Dylan Larkin in DALLAS zone.
2:34 of 1st overtime period - Icing by David Pastrnak.
2:35 of 1st overtime period - Dylan Larkin wins face-off versus Auston Matthews in COLORADO zone.
2:43 of 1st overtime period - Icing by Jakob Chychrun.
2:44 of 1st overtime period - Auston Matthews wins face-off versus William Karlsson in DALLAS zone.
2:44 of 1st overtime period - Auston Matthews is hit by William Karlsson.
3:13 of 1st overtime period - Icing by Brandon Carlo.
3:14 of 1st overtime period - William Karlsson wins face-off versus Mikko Rantanen in COLORADO zone.
3:50 of 1st overtime period - Shot by Mikko Rantanen.
3:50 of 1st overtime period - Shot Misses the Net.
4:08 of 1st overtime period - Adam Lowry is hit by Calvin de Haan and loses puck.
4:19 of 1st overtime period - Shot by Ilya Mikheyev.
4:19 of 1st overtime period - Stopped by Carey Price without a rebound.
4:20 of 1st overtime period - Dylan Larkin wins face-off versus Timo Meier in COLORADO zone.
4:20 of 1st overtime period - Dylan Larkin is hit by Timo Meier.
4:41 of 1st overtime period - Icing by Ron Hainsey.
4:42 of 1st overtime period - Dylan Larkin wins face-off versus Adam Lowry in COLORADO zone.
5:39 of 1st overtime period - Icing by Urho Vaakanainen.
5:40 of 1st overtime period - Timo Meier wins face-off versus Valtteri Filppula in COLORADO zone.
5:42 of 1st overtime period - Auston Matthews is hit by John Moore and loses puck.
6:07 of 1st overtime period - Shot by Leo Komarov.
6:07 of 1st overtime period - Stopped by Marc-Andre Fleury without a rebound.
6:08 of 1st overtime period - Mikko Rantanen wins face-off versus Nick Bjugstad in DALLAS zone.
6:34 of 1st overtime period - Shot by Mattias Janmark.
6:34 of 1st overtime period - Stopped by Marc-Andre Fleury without a rebound.
6:35 of 1st overtime period - Auston Matthews wins face-off versus William Karlsson in DALLAS zone.
7:37 of 1st overtime period - Shot by Dylan Larkin.
7:37 of 1st overtime period - Shot Blocked by Quinn Hughes.
7:39 of 1st overtime period - Shot by Dylan Larkin.
7:39 of 1st overtime period - Stopped by Marc-Andre Fleury without a rebound.
7:40 of 1st overtime period - Mikko Koivu wins face-off versus Mikko Rantanen in DALLAS zone.
7:52 of 1st overtime period - Leo Komarov is hit by Charlie McAvoy and loses puck.
8:37 of 1st overtime period - Calvin de Haan is hit by Nikita Zaitsev and loses puck.
9:30 of 1st overtime period - Shot by Quinn Hughes.
9:30 of 1st overtime period - Shot Blocked by Jonas Brodin.
10:57 of 1st overtime period - Shot by Mikko Rantanen.
10:57 of 1st overtime period - Deflect By Kasperi Kapanen.
10:57 of 1st overtime period - Shot Hit the Post.
11:05 of 1st overtime period - Shot by Kasperi Kapanen.
11:05 of 1st overtime period - Shot Hit the Post.
11:13 of 1st overtime period - Shot by Kasperi Kapanen.
11:13 of 1st overtime period - Shot Misses the Net.
11:15 of 1st overtime period - Shot by Kasperi Kapanen.
11:15 of 1st overtime period - Deflect By Mikko Rantanen.
11:15 of 1st overtime period - Stopped by Carey Price with a rebound.
11:17 of 1st overtime period - Shot by Kasperi Kapanen.
11:17 of 1st overtime period - Shot Misses the Net.
11:19 of 1st overtime period - Shot by Nikita Zaitsev.
11:19 of 1st overtime period - Shot Misses the Net.
12:11 of 1st overtime period - Shot by William Karlsson.
12:11 of 1st overtime period - Stopped by Marc-Andre Fleury without a rebound.
12:12 of 1st overtime period - Nick Bjugstad wins face-off versus Kirby Dach in DALLAS zone.
12:17 of 1st overtime period - Shot by Mattias Janmark.
12:17 of 1st overtime period - Shot Misses the Net.
12:26 of 1st overtime period - Lawson Crouse is hit by Warren Foegele and loses puck.
12:36 of 1st overtime period - Shot by Kirby Dach.
12:36 of 1st overtime period - Shot Misses the Net.
12:59 of 1st overtime period - Off-side.
13:00 of 1st overtime period - Auston Matthews wins face-off versus William Karlsson in neutral zone.
13:18 of 1st overtime period - Icing by Brandon Carlo.
13:19 of 1st overtime period - William Karlsson wins face-off versus Mikko Rantanen in COLORADO zone.
13:23 of 1st overtime period - Icing by Calvin de Haan.
13:24 of 1st overtime period - Auston Matthews wins face-off versus William Karlsson in COLORADO zone.
13:29 of 1st overtime period - Shot by Evgenii Dadonov.
13:29 of 1st overtime period - Stopped by Carey Price without a rebound.
13:30 of 1st overtime period - Mikko Koivu wins face-off versus Auston Matthews in COLORADO zone.
13:50 of 1st overtime period - Timo Meier is hit by Calvin de Haan and loses puck.
13:51 of 1st overtime period - Minor Penalty to Calvin de Haan for Cross-checking.
13:52 of 1st overtime period - Mikko Rantanen wins face-off versus David Krejci in COLORADO zone.
14:47 of 1st overtime period - Shot by Auston Matthews.
14:47 of 1st overtime period - Shot Misses the Net.
15:35 of 1st overtime period - Shot by Jakob Chychrun.
15:35 of 1st overtime period - Stopped by Carey Price without a rebound.
15:36 of 1st overtime period - William Karlsson wins face-off versus Travis Konecny in COLORADO zone.
16:05 of 1st overtime period - Shot by Nick Bjugstad.
16:05 of 1st overtime period - Shot Misses the Net.
16:08 of 1st overtime period - Icing by Adam Boqvist.
16:09 of 1st overtime period - Dylan Larkin wins face-off versus Kirby Dach in DALLAS zone.
16:40 of 1st overtime period - Icing by Nikita Zaitsev.
16:41 of 1st overtime period - Nick Bjugstad wins face-off versus Kirby Dach in DALLAS zone.
17:46 of 1st overtime period - Off-side.
17:47 of 1st overtime period - Mikko Rantanen wins face-off versus Dylan Larkin in neutral zone.
18:02 of 1st overtime period - Shot by Mikko Rantanen.
18:02 of 1st overtime period - Stopped by Carey Price without a rebound.
18:03 of 1st overtime period - William Karlsson wins face-off versus Adam Lowry in COLORADO zone.
18:11 of 1st overtime period - Minor Penalty to Calvin de Haan for Elbowing.
18:12 of 1st overtime period - Auston Matthews wins face-off versus David Krejci in COLORADO zone.
18:35 of 1st overtime period - Shot by Timo Meier.
18:35 of 1st overtime period - Shot Misses the Net.
18:37 of 1st overtime period - Shot by Jakob Chychrun.
18:37 of 1st overtime period - Shot Misses the Net.
18:39 of 1st overtime period - Shot by Jakob Chychrun.
18:39 of 1st overtime period - Stopped by Carey Price with a rebound.
19:17 of 1st overtime period - Shot by Evgenii Dadonov.
19:17 of 1st overtime period - Shot Misses the Net.
19:19 of 1st overtime period - Shot by Charlie McAvoy.
19:19 of 1st overtime period - Stopped by Carey Price without a rebound.
19:20 of 1st overtime period - Mikko Rantanen wins face-off versus David Krejci in COLORADO zone.
19:41 of 1st overtime period - Shot by Evgenii Dadonov.
19:41 of 1st overtime period - Shot Blocked by Ron Hainsey.
Goals for this period are 0 for DALLAS vs 0 for COLORADO.
Shots for this period are 11 for DALLAS vs 5 for COLORADO.

Overtime #2


0:01 of 2nd overtime period - Auston Matthews wins face-off versus David Krejci in neutral zone.
0:19 of 2nd overtime period - Adam Lowry is hit by Calvin de Haan and loses puck.
0:58 of 2nd overtime period - Icing by Brady Skjei.
0:59 of 2nd overtime period - William Karlsson wins face-off versus Adam Lowry in DALLAS zone.
1:08 of 2nd overtime period - Shot by William Karlsson.
1:08 of 2nd overtime period - Shot Misses the Net.
1:25 of 2nd overtime period - Auston Matthews is hit by Ron Hainsey and loses puck.
1:33 of 2nd overtime period - Evgenii Dadonov is hit by Ron Hainsey and loses puck.
1:35 of 2nd overtime period - Minor Penalty to Jonas Brodin for Roughing.
1:36 of 2nd overtime period - David Krejci wins face-off versus Auston Matthews in COLORADO zone.
1:55 of 2nd overtime period - Shot by Travis Konecny.
1:55 of 2nd overtime period - Shot Misses the Net.
2:31 of 2nd overtime period - Shot by Mikko Rantanen.
2:31 of 2nd overtime period - Stopped by Carey Price without a rebound.
2:32 of 2nd overtime period - Mikko Rantanen wins face-off versus David Krejci in COLORADO zone.
2:49 of 2nd overtime period - Shot by Quinn Hughes.
2:49 of 2nd overtime period - Stopped by Carey Price without a rebound.
2:50 of 2nd overtime period - Auston Matthews wins face-off versus David Krejci in COLORADO zone.
2:55 of 2nd overtime period - Shot by Auston Matthews.
2:55 of 2nd overtime period - Stopped by Carey Price without a rebound.
2:56 of 2nd overtime period - David Krejci wins face-off versus Auston Matthews in COLORADO zone.
2:56 of 2nd overtime period - David Krejci is hit by Timo Meier.
3:10 of 2nd overtime period - Shot by Travis Konecny.
3:10 of 2nd overtime period - Stopped by Carey Price without a rebound.
3:11 of 2nd overtime period - Mikko Rantanen wins face-off versus David Krejci in COLORADO zone.
4:45 of 2nd overtime period - Shot by David Pastrnak.
4:45 of 2nd overtime period - Stopped by Marc-Andre Fleury with a rebound.
4:52 of 2nd overtime period - Icing by Timo Meier.
4:53 of 2nd overtime period - Mikko Koivu wins face-off versus Auston Matthews in DALLAS zone.
5:21 of 2nd overtime period - Shot by Leo Komarov.
5:21 of 2nd overtime period - Deflect By Valtteri Filppula.
5:21 of 2nd overtime period - Stopped by Marc-Andre Fleury without a rebound.
5:22 of 2nd overtime period - Mikko Rantanen wins face-off versus Dylan Larkin in DALLAS zone.
5:22 of 2nd overtime period - Adam Boqvist is hit by Dylan Larkin and loses puck.
5:38 of 2nd overtime period - Off-side.
5:39 of 2nd overtime period - Adam Lowry wins face-off versus William Karlsson in neutral zone.
5:42 of 2nd overtime period - Shot by Alex Tuch.
5:42 of 2nd overtime period - Shot Misses the Net.
5:44 of 2nd overtime period - Shot by Ilya Mikheyev.
5:44 of 2nd overtime period - Deflect By Alex Tuch.
5:44 of 2nd overtime period - Stopped by Carey Price without a rebound.
5:45 of 2nd overtime period - Dylan Larkin wins face-off versus Mikko Rantanen in COLORADO zone.
5:52 of 2nd overtime period - Shot by Mikko Rantanen.
5:52 of 2nd overtime period - Shot Blocked by David Pastrnak.
5:54 of 2nd overtime period - Shot by Kasperi Kapanen.
5:54 of 2nd overtime period - Stopped by Carey Price without a rebound.
5:55 of 2nd overtime period - Adam Lowry wins face-off versus William Karlsson in COLORADO zone.
5:55 of 2nd overtime period - Alex Tuch is hit by Calvin de Haan and loses puck.
6:05 of 2nd overtime period - Brandon Carlo is hit by Adam Lowry and loses puck.
6:57 of 2nd overtime period - Shot by Pavel Buchnevich.
6:57 of 2nd overtime period - Shot Misses the Net.
6:59 of 2nd overtime period - Shot by Jonas Brodin.
6:59 of 2nd overtime period - Stopped by Marc-Andre Fleury with a rebound.
7:04 of 2nd overtime period - Minor Penalty to Quinn Hughes for Elbowing.
7:05 of 2nd overtime period - Dylan Larkin wins face-off versus Auston Matthews in DALLAS zone.
7:06 of 2nd overtime period - Shot by David Pastrnak.
7:06 of 2nd overtime period - Shot Misses the Net.
8:22 of 2nd overtime period - Shot by Dylan Larkin.
8:22 of 2nd overtime period - Shot Misses the Net.
8:24 of 2nd overtime period - Shot by Ron Hainsey.
8:24 of 2nd overtime period - Stopped by Marc-Andre Fleury with a rebound.
8:26 of 2nd overtime period - Shot by John Moore.
8:26 of 2nd overtime period - Shot Misses the Net.
8:28 of 2nd overtime period - Shot by Ron Hainsey.
8:28 of 2nd overtime period - Stopped by Marc-Andre Fleury without a rebound.
8:29 of 2nd overtime period - Dylan Larkin wins face-off versus Auston Matthews in DALLAS zone.
9:05 of 2nd overtime period - Icing by Charlie McAvoy.
9:06 of 2nd overtime period - Mikko Rantanen wins face-off versus Mikko Koivu in DALLAS zone.
9:06 of 2nd overtime period - Nikita Zaitsev is hit by Leo Komarov and loses puck.
9:30 of 2nd overtime period - Mikko Rantanen is hit by John Moore and loses puck.
9:52 of 2nd overtime period - Minor Penalty to Leo Komarov for Hooking.
9:53 of 2nd overtime period - David Krejci wins face-off versus Auston Matthews in COLORADO zone.
10:20 of 2nd overtime period - Off-side.
10:21 of 2nd overtime period - Mikko Rantanen wins face-off versus Dylan Larkin in neutral zone.
10:33 of 2nd overtime period - Off-side.
10:34 of 2nd overtime period - David Krejci wins face-off versus Mikko Rantanen in neutral zone.
10:55 of 2nd overtime period - Shot by Brady Skjei.
10:55 of 2nd overtime period - Shot Misses the Net.
10:57 of 2nd overtime period - Shot by Brady Skjei.
10:57 of 2nd overtime period - Goal by Brady Skjei - DALLAS : 4 - COLORADO : 3.
Goals for this period are 1 for DALLAS vs 0 for COLORADO.
Shots for this period are 7 for DALLAS vs 5 for COLORADO.